 Dungeon Crawl Stone Soup version 0.29.1-2-gbd0b4ee654 (webtiles) character file.

Game seed: 2725123033551257017

6941 quakins the Fighter (level 10, -3/171 HPs)
             Began as a Troll Transmuter on Nov 1, 2022.
             Was a Priest of Okawaru.
             Slain by an orc warrior
             ... wielding a +0 halberd
              (28 damage)
             ... in a bailey.
             The game lasted 00:16:18 (5889 turns).

quakins the Fighter (Troll Transmuter)              Turns: 5889, Time: 00:16:19

Health: -3/171     AC: 25    Str: 24    XL:     10   Next: 80%
Magic:  10/10      EV:  1    Int: 15    God:    Okawaru [***...]
Gold:   270        SH:  0    Dex: 10    Spells: 10/11 levels left

rFire   . . .      SeeInvis .     - Unarmed
rCold   . . .      Faith    .   (no shield)
rNeg    . . .      Spirit   .   (body armour currently unavailable)
rPois   +          Reflect  .   (helmet currently unavailable)
rElec   .          Harm     .   (cloak currently unavailable)
rCorr   .          Rampage  .   (gloves unavailable)
Will    .....      NoTele   +   (boots unavailable)
Stlth   +.........              D - amulet of magic regeneration
HPRegen 1.18/turn               g - +6 ring of intelligence
MPRegen 0.52/turn               j - ring of wizardry

@: tree-form
A: stationary, stasis, torment immunity, boosted hp, large, unfitting armour,
(claws 3), regeneration 1, (shaggy fur 1), (tough skin 1)
a: Renounce Religion, Heroism


You were in a bailey.
You worshipped Okawaru.
Okawaru was most pleased with you.
You were a tree.
You visited 2 branches of the dungeon, and saw 10 of its levels.
You also visited: Sewer and Bailey.

You collected 270 gold pieces.

Inventory:

Missiles
 B - 5 boomerangs (quivered)
 E - 8 poisoned darts
Armour
 y - the +1 robe of Vines (melded) {NoPotionHeal Regen++++}
   (You found it on level 8 of the Dungeon)

   Its wearer cannot be healed by potions.
   Regen:     It increases your rate of health regeneration.
 z - a +0 troll leather armour {Pargi}
Jewellery
 g - a +6 ring of intelligence (left branch)
 j - a ring of wizardry (right branch)
 D - an amulet of magic regeneration (around neck)
Wands
 e - a wand of quicksilver (7)
 q - a wand of digging (1)
 v - a wand of flame (26)
 C - a wand of iceblast (5)
Scrolls
 c - 4 scrolls of amnesia
 d - 3 scrolls of immolation
 f - a scroll of blinking
 i - 7 scrolls of teleportation
 k - 2 scrolls of fear
 l - 2 scrolls of noise
 m - a scroll of magic mapping
 p - 3 scrolls of poison
 r - a scroll of vulnerability
 A - a scroll of enchant armour {unknown}
Potions
 a - a potion of ambrosia {unknown}
 h - 3 potions of haste
 n - 6 potions of curing
 o - 4 potions of flight
 s - 2 potions of mutation
 t - 2 potions of cancellation {unknown}
 u - 3 potions of might
 w - 3 potions of degeneration
 F - a potion of brilliance {unknown}


   Skills:
 + Level 11.6 Fighting
 - Level 1.5 Dodging
 - Level 10.0 Unarmed Combat
 - Level 1.2 Spellcasting
 - Level 1.3 Transmutations


You had 10 spell levels left.
You knew the following spells:

 Your Spells              Type           Power      Damage    Failure   Level
a - Beastly Appendage     Tmut           10%        N/A       6%          1

Your spell library contained the following spells:

 Spells                   Type           Power      Damage    Failure   Level
 Wereblood                Tmut           5%         N/A       9%          2
 Blink                    Tloc           0%         N/A       16%         2
 Sublimation of Blood     Necr           0%         N/A       16%         2
 Spider Form              Tmut/Pois      3%         N/A       21%         3
 Dazzling Flash           Conj/Hex       0%         N/A       28%         3
 Lesser Beckoning         Tloc           0%         N/A       28%         3
 Ozocubu's Armour         Ice            0%         N/A       28%         3
 Ice Form                 Ice/Tmut       3%         N/A       54%         4
 Petrify                  Tmut/Erth      3%         N/A       54%         4
 Iskenderun's Mystic Bla  Conj/Tloc      0%         2d3       65%         4
 Irradiate                Conj/Tmut      1%         3d12      86%         5
 Manifold Assault         Tloc           0%         N/A       92%         5
 Starburst                Conj/Fire      0%         6d3       100%        6
 Ozocubu's Refrigeration  Ice            0%         4d7       100%        7
 Summon Ice Beast         Ice/Summ       Unusable   N/A       N/A         4
 Summon Mana Viper        Hex/Summ       Unusable   N/A       N/A         5
 Monstrous Menagerie      Summ           Unusable   N/A       N/A         7

Dungeon Overview and Level Annotations

Branches:
Dungeon (9/15)             Temple (1/1) D:7           Sewer (visited)
 Bailey (1/1)
   Lair: D:8-11         Orc: D:9-12

Altars:
Ashenzari
Elyvilon
Fedhas
Gozag
Hepliaklqana
Makhleb
Nemelex Xobeh
Okawaru
Qazlal
Sif Muna
Trog
Uskayaw
Wu Jian
Xom
Yredelemnul
Zin
The Shining One

Shops:
D:6 (


Innate Abilities, Weirdness & Mutations

You are a tree.
Your roots penetrate the ground, keeping you stationary.
You cannot be teleported.
You are immune to unholy pain and torment.
Your maximum health is greatly increased.
Your equipment is partially melded.
You are too large for most types of armour.
((You have claws for hands.))
Your natural rate of healing is unusually fast.
((You are covered in fur. (AC +1)))
((You have tough skin. (AC +1)))


Message History

The orc warrior hits you but does no damage.
The orc hits you but does no damage.
The orc warrior shouts!
You pummel the orc knight!!
The orc knight is moderately wounded.
You smack the orc knight!
The orc knight is heavily wounded.
The orc warrior hits you but does no damage.
The orc hits you but does no damage.
The orc knight roars a battlecry!
The orc warriors go into a battle-frenzy!
You pummel the orc knight!!
You kill the orc knight!
Okawaru accepts your kill.
Okawaru will now gift you throwing weapons as you gain piety.
The orc warrior hits you but does no damage.
The orc hits you but does no damage.
You hit the orc warrior.
The orc warrior is severely wounded.
You completely miss the orc warrior.
The orc warrior is severely wounded.
The orc warrior hits you but does no damage.
The orc hits you but does no damage.
You hit the orc warrior. Your punch misses the orc warrior.
The orc warrior is almost dead.
The orc warrior hits you with a +0 trident!
* * * LOW HITPOINT WARNING * * *
The orc hits you with a +0 halberd!
* * * LOW HITPOINT WARNING * * *
You smack the orc warrior!
You kill the orc warrior!
Okawaru accepts your kill.
You feel like a meek peon again. The orc barely misses you.
You pummel the orc!!
You kill the orc!
Okawaru accepts your kill.
An orc warrior comes into view. It is wielding a +0 halberd.
The orc warrior hits you from afar with a +0 halberd!!
You die...

♣........♣
#♣..∩..∩..♣#
#......)...#
##..........##
#.......)....###
#.♣............♣
##.♣♣..)....♣.♣..
.......)))......≈
.....#..)♣#....≈≈
.≈≈≈≈#..).#≈≈≈≈≈≈
≈≈≈≈ #.).o#≈≈≈≈≈≈
≈≈≈≈ #....#≈≈≈≈≈≈
≈≈≈≈≈#..))#≈≈≈≈≈♣
≈≈...#....#...♣♣♣
............♣..
........o.......
####........####


You could see 2 orc warriors.

Vanquished Creatures
  A two-headed ogre (D:9)
  An orc knight (Bailey)
  Grinder (D:5)
  2 trolls (D:8)
  2 hornets
  Prince Ribbit (D:4)
  A shadow (D:9)
  Eustachio (D:5)
  2 steam dragons
  Duvessa (D:7)
  2 water moccasins (D:7)
  2 ice beasts
  10 orc warriors
  Pargi (Sewer)
  A sky beast (D:8)
  2 ogres
  3 centaurs
  2 phantoms
  3 bullfrogs
  2 scorpions
  3 necrophages
  A gnoll sergeant (D:6)
  Dowan (D:7)
  5 killer bees (D:8)
  2 howler monkeys
  3 crimson imps (D:8)
  A bullfrog zombie (D:4)
  A jelly (D:6)
  5 hounds
  A gnoll bouda (D:8)
  6 orc priests
  Terence (D:3)
  2 orc wizards
  A scorpion zombie (D:4)
  Ijyb (D:3)
  4 iguanas
  A hound zombie (D:4)
  12 gnolls
  9 adders
  A river rat (D:5)
  2 ufetubi
  3 worms
  A dart slug (D:5)
  30 orcs
  7 bats
  5 endoplasms
  4 giant cockroaches
  8 goblins
  9 hobgoblins
  3 jackals (D:2)
  8 kobolds
  6 quokkas
  10 ball pythons
  3 frilled lizards
  8 rats
  A bush (D:5)
210 creatures vanquished.

Vanquished Creatures (others)
  14 plants
  2 withered plants (D:4)
16 creatures vanquished.

Grand Total: 226 creatures vanquished

Notes
Turn   | Place    | Note
-------+----------+-------------------------------------------
     0 | D:1      | quakins the Troll Transmuter began the quest for the Orb.
     0 | D:1      | Reached XP level 1. HP: 18/18 MP: 1/1
    81 | D:1      | Found a faded altar of an unknown god.
   275 | D:1      | Reached XP level 2. HP: 26/26 MP: 2/2
   793 | D:2      | Reached XP level 3. HP: 31/32 MP: 3/3
   850 | D:2      | Reached XP level 4. HP: 40/40 MP: 4/4
  1080 | D:2      | Reached skill level 5 in Unarmed Combat
  1181 | D:3      | Noticed Ijyb
  1194 | D:3      | Killed Ijyb
  1297 | D:3      | Noticed Terence
  1303 | D:3      | Killed Terence
  1304 | D:3      | Reached XP level 5. HP: 43/46 MP: 5/5
  1803 | D:4      | Found a blossoming altar of Fedhas.
  1824 | D:4      | Reached XP level 6. HP: 31/54 MP: 6/6
  1998 | D:4      | Reached XP level 7. HP: 57/61 MP: 7/7
  2089 | D:4      | Found a basalt altar of Yredelemnul.
  2330 | D:5      | Entered Level 5 of the Dungeon
  2330 | D:5      | Noticed Prince Ribbit
  2359 | D:4      | Killed Prince Ribbit
  2429 | D:5      | Noticed Grinder
  2443 | D:5      | Paralysed by Grinder for 4 turns
  2453 | D:5      | Killed Grinder
  2454 | D:5      | Reached skill level 10 in Unarmed Combat
  2454 | D:5      | Reached skill level 1 in Fighting
  2454 | D:5      | Reached XP level 8. HP: 54/71 MP: 8/8
  2481 | D:5      | Reached skill level 2 in Fighting
  2713 | D:5      | Noticed Eustachio
  2730 | D:5      | Killed Eustachio
  2731 | D:5      | Reached skill level 3 in Fighting
  2780 | D:5      | Found a glowing drain.
  2797 | Sewer    | Entered a sewer
  2832 | Sewer    | Noticed Pargi
  2837 | Sewer    | Killed Pargi
  2838 | Sewer    | Reached skill level 4 in Fighting
  3439 | D:6      | Reached skill level 5 in Fighting
  3643 | D:6      | Found Juixic's Firing Range.
  3773 | D:6      | Identified the +8 war axe of Tenacity {vorpal, rPois Str+6}
  3849 | D:6      | Reached XP level 9. HP: 54/89 MP: 9/9
  3938 | D:6      | Reached skill level 6 in Fighting
  4300 | D:7      | Found a broken altar of Ashenzari.
  4331 | D:7      | Reached skill level 7 in Fighting
  4600 | D:7      | Noticed Duvessa
  4600 | D:7      | Noticed Dowan
  4607 | D:7      | Killed Duvessa
  4615 | D:7      | Killed Dowan
  4685 | D:7      | Reached skill level 8 in Fighting
  4687 | D:7      | Found a sparkling altar of Nemelex Xobeh.
  4747 | D:7      | Found a staircase to the Ecumenical Temple.
  4762 | Temple   | Entered the Ecumenical Temple
  4798 | Temple   | Became a worshipper of Warmaster Okawaru
  5094 | D:8      | Found the +1 robe of Vines {NoPotionHeal Regen++++}
  5097 | D:8      | Noticed a troll
  5110 | D:8      | Noticed a four-headed hydra
  5113 | D:8      | Killed a troll
  5113 | D:8      | Reached * piety under Okawaru
  5114 | D:8      | Reached skill level 9 in Fighting
  5193 | D:8      | Found a shimmering altar of Xom.
  5206 | D:8      | Reached XP level 10. HP: 73/107 MP: 10/10
  5495 | D:8      | Reached ** piety under Okawaru
  5537 | D:9      | Reached skill level 10 in Fighting
  5560 | D:9      | Found a white marble altar of Elyvilon.
  5578 | D:9      | Noticed a two-headed ogre
  5595 | D:9      | Killed a two-headed ogre
  5740 | D:9      | Found a flagged portal.
  5745 | Bailey   | Entered a bailey
  5771 | Bailey   | Reached skill level 11 in Fighting
  5859 | Bailey   | Noticed an orc knight
  5883 | Bailey   | Killed an orc knight
  5883 | Bailey   | Reached *** piety under Okawaru
  5889 | Bailey   | Slain by an orc warrior

Illustrated notes

Levels and vault maps discovered:
D:1:      dpeg_arrival_chambers_temple_mockup, layout_basic,
          hellmonk_ecumenical_altar_pennies_from_heaven
D:2:      layout_basic, minmay_small_reverse_x
D:3:      layout_basic, uniq_terence, uniq_ijyb
D:4:      layout_rooms, mainiacjoe_overflow_chevrons, fedhas_altar_1,
          serial_undead, serial_undead_b, serial_undead_c, serial_undead_f,
          serial_undead_b, lightli_corner_chamber
D:5:      layout_rooms, portal_sewer_entry_b, minmay_hedge_maze,
          serial_bayou_pond_c, kb_lookout_dungeons_type,
          chequers_serial_rivers_large_a, uniq_grinder, uniq_eustachio,
          uniq_prince_ribbit1
D:6:      layout_basic, nicolae_shop_firing_range
D:7:      layout_basic, lemuel_round_altar, nemelex_diamond_rough_becter,
          temple_fountains, bh_walls_and_bars, uniq_duvessa
D:8:      layout_loops_cross, led_xom_imps, lair_entry_dummy,
          hellmonk_guarded_unrand_vines
D:9:      layout_cave_pools, mainiacjoe_overflow_tiny_flanked,
          mainiacjoe_overflow_alcove_4, enter_bailey_3, minmay_nine_imps
Temple:   nicolae_temple_bog_church
Bailey:   bailey_polearm_elven_captive_hellmonk, bailey

Skill      XL: |  1  2  3  4  5  6  7  8  9 10 |
---------------+-------------------------------+-----
Unarmed Combat | 4 5 7 8 10 | 10.0
Fighting       | 1 5 9 11 | 11.6
Dodging        | |  1.5
Spellcasting   | |  1.2
Transmutations | |  1.3

Action                   |  1- 3 |  4- 6 |  7- 9 | 10-12 || total
-------------------------+-------+-------+-------+-------++-------
Melee: Unarmed           |    80 |   131 |   283 |   132 ||   626
       Punch             |     1 |     6 |    11 |    12 ||    30
       Headbutt          |       |       |     1 |       ||     1
Throw: Boomerang         |       |       |       |    12 ||    12
 Cast: Beastly Appendage |       |       |     1 |       ||     1
Invok: Heroism           |       |       |       |     5 ||     5
Evoke: Wand              |       |       |       |     4 ||     4
  Use: Scroll            |       |     8 |       |     9 ||    17
       Potion            |       |       |     1 |     5 ||     6
Armor: Robe              |    54 |    42 |    25 |    11 ||   132
       Troll leather arm |       |       |    65 |    31 ||    96
       Skin              |       |       |       |    38 ||    38
Dodge: Dodged            |    60 |    67 |   114 |    76 ||   317
